 Dungeon Crawl Stone Soup version 0.25-a0-701-gb30f108f01 (webtiles) character file.

Game seed: 12665676511473017293, levelgen mode: deterministic

17184 Maedhros the Martial Artist (level 12, 0/77 HPs)
             Began as an Octopode Artificer on Apr 3, 2020.
             Was a High Priest of Cheibriados.
             Slain by a phantasmal warrior (7 damage)
             ... on level 13 of the Dungeon.
             The game lasted 00:47:55 (6642 turns).

Maedhros the Martial Artist (Octopode Artificer)    Turns: 6642, Time: 00:47:55

Health: 0/77       AC:  3    Str: 25    XL:     12   Next: 45%
Magic:  14/19      EV: 19    Int: 31    God:    Cheibriados [*****.]
Gold:   644        SH: 14    Dex: 30    Spells: 2/11 levels left

rFire    . . .     SeeInvis .   a - +9 staff of Olgreb {rPois∞}
rCold    + . .     Gourm    .   p - +1 kite shield
rNeg     + + .     Faith    .   c - +0 hat of Charity {rElec rN++ MR+ Dex-2} (curse)
rPois    ∞         Spirit   .   (no amulet)
rElec    +         Reflect  .   h - ring of flight
rCorr    .         Harm     .   C - ring of poison resistance
MR       ++...                  y - ring "Diasu" {rC+ MR+ Int+4}
Stlth    ++++++....             I - ring of wizardry
HPRegen  0.22/turn              L - ring of poison resistance
MPRegen  0.16/turn              P - +2 ring of protection
                                (no ring)
                                (no ring)

@: very slow
A: almost no armour, stealthy swim, amphibious, 8 rings, constrict 8, camouflage
1, gelatinous body 1
a: Bend Time, Temporal Distortion, Slouch, Step From Time, Renounce Religion,
Evoke Flight


You were on level 13 of the Dungeon.
You worshipped Cheibriados.
Cheibriados was extremely pleased with you.
You were not hungry.

You visited 1 branch of the dungeon, and saw 13 of its levels.
You also visited: Ossuary and Gauntlet.

You collected 644 gold pieces.

Inventory:

Hand Weapons
 a - the +9 staff of Olgreb (weapon) {rPois∞}
   (You found it on level 10 of the Dungeon)

   It grants immunity to poison.
 F - a +1 shortbow of flaming
Missiles
 e - 15 boomerangs (quivered)
 m - 19 javelins
 G - 61 arrows
Armour
 c - the cursed +0 hat of Charity (worn) {rElec rN++ MR+ Dex-2}
   (You found it in a Gauntlet)

   It affects your dexterity (-2).
   It insulates you from electricity.
   It greatly protects you from negative energy.
   It affects your resistance to hostile enchantments.
   It has a curse placed upon it.
 p - a +1 kite shield (worn)
Jewellery
 h - a ring of flight (left tentacle)
 v - an uncursed amulet of faith {unknown}
 y - the ring "Diasu" (on tentacle) {rC+ MR+ Int+4}
   (You acquired it on level 4 of the Dungeon)

   [ring of protection from magic]

   It affects your intelligence (+4).
   It protects you from cold.
   It affects your resistance to hostile enchantments.
 C - a ring of poison resistance (right tentacle)
 I - a ring of wizardry (on tentacle)
 L - a ring of poison resistance (on tentacle)
 P - a +2 ring of protection (on tentacle)
Wands
 b - a wand of flame (38)
 j - a wand of digging (7)
 n - a wand of clouds (5)
 s - a wand of disintegration (18)
 t - a wand of acid (14)
Scrolls
 d - a scroll of fear {unknown}
 g - 3 scrolls of amnesia
 r - 6 scrolls of teleportation
 u - a scroll of silence {unknown}
 x - 5 scrolls of remove curse
 B - 2 scrolls of fog {unknown}
 D - 2 scrolls of blinking {unknown}
 E - a scroll of noise {unknown}
 J - 2 scrolls of enchant weapon {unknown}
 M - a scroll of immolation
Potions
 i - 4 potions of flight
 k - 5 potions of stabbing
 l - 4 potions of brilliance
 q - 2 potions of lignification {unknown}
 w - 3 potions of mutation {unknown}
 z - a potion of curing
 A - a potion of resistance
 H - 3 potions of magic {unknown}
Miscellaneous
 o - 2 boxes of beasts
Comestibles
 f - 25 rations


   Skills:
 - Level 5.0 Fighting
   Level 1.0 Short Blades
 + Level 6.9 Dodging
 - Level 10.0 Stealth
 + Level 6.6 Shields
 - Level 10.8 Unarmed Combat
 - Level 7.0 Invocations
 * Level 10.5 Evocations


You had 2 spell levels left.
You knew the following spells:

 Your Spells              Type           Power        Failure   Level  Hunger
a - Summon Forest         Summ/Tloc      #.........   94%         5    ######.
b - Animate Skeleton      Necr           N/A          11%         1    ##.....
c - Mephitic Cloud        Conj/Pois/Air  #.......     30%         3    ####...

Your spell library contained the following spells:

 Spells                   Type           Power        Failure   Level  Hunger
 Magic Dart               Conj           #...         11%         1    ##.....
 Pain                     Necr           #...         11%         1    ##.....
 Blink                    Tloc           N/A          16%         2    ###....
 Call Imp                 Summ           #.......     16%         2    ###....
 Slow                     Hex            #.......     16%         2    ###....
 Confusing Touch          Hex            #.......     30%         3    ####...
 Conjure Flame            Conj/Fire      #.......     30%         3    ####...
 Dazzling Flash           Conj/Hex       #.....       30%         3    ####...
 Spectral Weapon          Hex/Chrm       #.......     30%         3    ####...
 Vampiric Draining        Necr           #.........   30%         3    ####...
 Animate Dead             Necr           N/A          67%         4    #####..
 Fulminant Prism          Conj/Hex       #.........   67%         4    #####..
 Agony                    Necr           #.......     94%         5    ######.
 Bolt of Magma            Conj/Fire/Erth #.........   94%         5    ######.
 Iskenderun's Battlesphe  Conj/Chrm      #.......     94%         5    ######.
 Iron Shot                Conj/Erth      #.........   100%        6    #######
 Shadow Creatures         Summ           N/A          100%        6    #######
 Malign Gateway           Summ/Tloc      #.........   100%        7    #######
 Orb of Destruction       Conj           #.........   100%        7    #######
 Spellforged Servitor     Conj/Summ      #.........   100%        7    #######


Dungeon Overview and Level Annotations

Branches:
Dungeon (13/15)            Temple (0/1) D:7             Orc (0/2) D:10
Ossuary (visited)         Gauntlet (visited)
   Lair: D:8-11      Vaults: D:13-14

Altars:
Cheibriados
Elyvilon
Nemelex Xobeh
Qazlal
Ru
Uskayaw

Shops:
D:9 *

Annotations:
D:2 Sigmund
D:5 Dowan, Duvessa
D:10 1 runed translucent door
D:12 Nessos
D:13 exclusion: 3 doors


Innate Abilities, Weirdness & Mutations

You cannot wear most types of armour.
You are very stealthy in the water. (Stealth+)
You are amphibious.
You can wear up to eight rings at the same time.
You can use your tentacles to constrict eight enemies at once.
Your skin changes colour to match your surroundings (Stealth+).
Your rubbery body absorbs attacks. (AC +1, EV +1)


Message History

You squeeze the phantasmal warrior.
The phantasmal warrior is lightly damaged.
The phantasmal warrior hits you.
You hit the phantasmal warrior but do no damage.
You envenom the phantasmal warrior.
Your tentacle-slap misses the phantasmal warrior.
You squeeze the phantasmal warrior.
The phantasmal warrior is moderately damaged.
The phantasmal warrior hits you!!!
You hit the phantasmal warrior.
You envenom the phantasmal warrior.
You squeeze the phantasmal warrior, but do no damage.
The phantasmal warrior is heavily damaged.
You block the phantasmal warrior's attack.
The phantasmal warrior hits you!!
* * * LOW HITPOINT WARNING * * *
Okay, then.
You can feel time thicken for a moment.
You feel somewhat more hungry.
Cheibriados lowers the support of your attributes as your movement quickens.
The phantasmal warrior hits you!
You die...

#...#.........+,,,**
#...#.........#,,,**
#)..'..#####..#*****
#>..#..#####..+,,,**
#####.........#,,,**
#...'........,#,,,**
#.$.#####+##+******,
#.=.#,,,,,*,,,,,,,*,
#..@#,,,,,*,,,,,,,##
#..W#,,,,,*,,,,,,,*.
#####*****###*****##
#.# #. #.# #. #.# #.
#<# ####. #.# #....
#.####.###


You could see a phantasmal warrior.

Vanquished Creatures
  A minotaur (Gauntlet)
  2 vault guards (D:13)
  A two-headed ogre (D:10)
  A hell hog (Gauntlet)
  Nergalle (D:12)
  2 ugly things (D:11)
  2 cyclopes
  4 centaur skeletons
  An efreet (D:11)
  A troll (D:13)
  4 yaks
  A hippogriff (D:10)
  A shadow (D:11)
  2 wraiths
  4 fire bats (Gauntlet)
  10 humans (D:13)
  A hungry ghost (D:9)
  2 steam dragons
  2 acid dragons
  2 soldier ants
  5 water moccasins
  2 hell hounds (Gauntlet)
  7 orc warriors
  An ice beast (D:9)
  2 sky beasts
  5 wolves (Gauntlet)
  3 ogres
  A centaur (D:11)
  A crocodile (D:13)
  A big kobold (D:11)
  5 bullfrogs
  Blork the orc (D:5)
  3 gnoll sergeants
  10 orc priests
  A water moccasin zombie (D:6)
  16 killer bees
  3 scorpions
  3 crimson imps (D:9)
  A quasit (D:9)
  A centaur zombie (D:10)
  2 hounds
  A bullfrog skeleton (D:6)
  2 jellies
  12 orc wizards
  Crazy Yiuf (D:5)
  6 iguanas
  10 worker ants
  A big kobold zombie (Ossuary)
  A hound zombie (D:7)
  A hound skeleton (D:11)
  4 mummies
  4 gnolls
  A worker ant zombie (D:10)
  11 adders
  3 shadow imps
  3 oozes
  A dart slug (D:2)
  2 leopard geckos
  34 orcs
  A ball python (D:4)
  5 bats
  2 giant cockroaches
  9 goblins
  4 hobgoblins
  A jackal (D:7)
  10 kobolds
  6 quokkas
  2 frilled lizards (D:3)
  6 goblin zombies (Ossuary)
  A hobgoblin zombie (Ossuary)
  5 kobold zombies
  A quokka skeleton (D:4)
  3 rats
273 creatures vanquished.

Vanquished Creatures (collateral kills)
  2 yaks (D:7)
  A crimson imp (D:4)
  An orc priest (D:4)
  5 gnolls
  2 orcs (D:4)
  A jackal (D:7)
  A kobold (D:3)
13 creatures vanquished.

Vanquished Creatures (others)
  A rime drake (Gauntlet)
  A hell hound (Gauntlet)
  A sky beast (D:6)
  A centaur (D:5)
  A gnoll (D:3)
5 creatures vanquished.

Grand Total: 291 creatures vanquished

Notes
Turn   | Place    | Note
-------+----------+-------------------------------------------
     0 | D:1      | Maedhros the Octopode Artificer began the quest for the
                  | Orb.
     0 | D:1      | Reached XP level 1. HP: 13/13 MP: 3/3
     6 | D:1      | Noticed a salamander
     6 | D:1      | Noticed a redback
     6 | D:1      | Noticed a wyvern
     6 | D:1      | Noticed a hog
    67 | D:1      | Reached XP level 2. HP: 9/18 MP: 4/4
   308 | D:1      | Found a sparkling altar of Nemelex Xobeh.
   675 | D:2      | Reached XP level 3. HP: 18/23 MP: 5/5
   676 | D:2      | Found a snail-covered altar of Cheibriados.
   697 | D:2      | Became a worshipper of Cheibriados the Contemplative
   761 | D:2      | Noticed Sigmund
   934 | D:3      | Reached * piety under Cheibriados
   950 | D:3      | Reached XP level 4. HP: 28/28 MP: 7/7
  1143 | D:3      | Reached skill level 1 in Unarmed Combat
  1222 | D:3      | Reached XP level 5. HP: 29/33 MP: 8/8
  1277 | D:4      | Noticed an ogre
  1281 | D:4      | Killed an ogre
  1281 | D:4      | Reached skill level 5 in Stealth
  1281 | D:4      | Reached skill level 5 in Evocations
  1281 | D:4      | Reached XP level 6. HP: 35/38 MP: 9/9
  1289 | D:4      | Found a stormy altar of Qazlal.
  1326 | D:4      | Found a sand-covered staircase.
  1334 | Ossuary  | Entered an ossuary
  1334 | Ossuary  | Noticed a wraith
  1334 | Ossuary  | Noticed a wraith
  1334 | Ossuary  | Noticed a wraith
  1554 | Ossuary  | Reached ** piety under Cheibriados
  1666 | Ossuary  | Noticed a wraith
  1760 | Ossuary  | Killed a wraith
  1760 | Ossuary  | Reached XP level 7. HP: 18/43 MP: 9/11
  1818 | D:4      | Identified 2 scrolls of acquirement
  1820 | D:4      | Identified the +1 dire flail of Xutzal {drain, +Inv MP+9}
                  | (You acquired it on level 4 of the Dungeon)
  1823 | D:4      | Identified the ring "Diasu" {rC+ MR+ Int+4} (You acquired
                  | it on level 4 of the Dungeon)
  1881 | D:5      | Entered Level 5 of the Dungeon
  1892 | D:5      | Noticed Blork the orc
  2144 | D:5      | Killed Blork the orc
  2175 | D:5      | Found a runed translucent door.
  2176 | D:5      | Noticed Crazy Yiuf
  2302 | D:5      | Killed Crazy Yiuf
  2302 | D:5      | Reached skill level 5 in Unarmed Combat
  2407 | D:5      | Noticed Duvessa
  2408 | D:5      | Noticed Dowan
  2572 | D:6      | Reached XP level 8. HP: 30/48 MP: 12/12
  2726 | D:7      | Found a sacrificial altar of Ru.
  2730 | D:7      | Reached *** piety under Cheibriados
  2846 | D:7      | Reached skill level 1 in Shields
  2956 | D:7      | Noticed a yak
  2965 | D:7      | Noticed a yak
  2966 | D:7      | Noticed a yak
  2973 | D:7      | Killed a yak
  2977 | D:7      | Killed a yak
  3123 | D:7      | Found a staircase to the Ecumenical Temple.
  3144 | D:7      | Killed a yak
  3234 | D:8      | Found a hide-covered altar of Uskayaw.
  3240 | D:8      | Found a sacrificial altar of Ru.
  3250 | D:8      | Reached XP level 9. HP: 52/55 MP: 13/13
  3250 | D:8      | Reached skill level 1 in Invocations
  3391 | D:9      | Reached **** piety under Cheibriados
  3606 | D:9      | Found a white marble altar of Elyvilon.
  3702 | D:9      | Found Sotu Tie's Assorted Antiques.
  3737 | D:9      | Reached ***** piety under Cheibriados
  3742 | D:9      | Identified the Collected Works on Calling
  3750 | D:9      | Learned a level 5 spell: Summon Forest
  3844 | D:10     | Entered Level 10 of the Dungeon
  3861 | D:10     | Reached XP level 10. HP: 50/63 MP: 14/14
  3884 | D:10     | Found a runed translucent door.
  3887 | D:10     | Found a runed translucent gate.
  3892 | D:10     | Found the +9 staff of Olgreb {rPois∞}
  3916 | D:10     | Found a runed translucent gate.
  3946 | D:10     | Noticed a two-headed ogre
  3950 | D:10     | Killed a two-headed ogre
  3979 | D:10     | Found a runed translucent door.
  3980 | D:10     | Found a runed translucent gate.
  3996 | D:10     | Reached skill level 5 in Invocations
  4138 | D:11     | Noticed a white ugly thing
  4139 | D:11     | Noticed a cyclops
  4147 | D:11     | Killed a white ugly thing
  4149 | D:11     | Noticed a green ugly thing
  4150 | D:11     | Killed a cyclops
  4150 | D:11     | Reached skill level 5 in Dodging
  4170 | D:11     | Killed a green ugly thing
  4170 | D:11     | Reached XP level 11. HP: 31/70 MP: 16/16
  4186 | D:11     | Reached skill level 5 in Fighting
  4267 | D:11     | Found a white marble altar of Elyvilon.
  4325 | D:11     | Reached skill level 10 in Stealth
  4365 | D:11     | Learned a level 1 spell: Animate Skeleton
  4441 | D:11     | Learned a level 3 spell: Mephitic Cloud
  4616 | D:10     | Reached ****** piety under Cheibriados
  4646 | D:10     | Found a staircase to the Orcish Mines.
  4718 | D:10     | Reached skill level 5 in Shields
  4834 | D:12     | Noticed Nergalle
  4839 | D:12     | Killed Nergalle
  4999 | D:12     | Noticed a cyan ugly thing
  5019 | D:12     | Noticed Nessos
  5155 | D:13     | Found a gate leading to a gauntlet.
  5159 | Gauntlet | Entered a Gauntlet
  5159 | Gauntlet | Found a transporter.
  5162 | Gauntlet | Found a transporter.
  5164 | Gauntlet | Found a transporter.
  5179 | Gauntlet | Found a transporter.
  5180 | Gauntlet | Found a transporter.
  5185 | Gauntlet | Noticed a hell hog
  5194 | Gauntlet | Found a transporter.
  5199 | Gauntlet | Found a runed translucent door.
  5205 | Gauntlet | Found a runed translucent door.
  5206 | Gauntlet | Found a transporter.
  5207 | Gauntlet | Found a runed translucent door.
  5227 | Gauntlet | Found a transporter.
  5235 | Gauntlet | Found a runed translucent door.
  5237 | Gauntlet | Found a transporter.
  5239 | Gauntlet | Found a runed translucent door.
  5240 | Gauntlet | Noticed a thrashing horror
  5251 | Gauntlet | Found a transporter.
  5261 | Gauntlet | Found the cursed necklace of Bloodlust {*Rage +Rage MR++
                  | Int-3 Slay+6 *Curse}
  5265 | Gauntlet | Found a transporter.
  5265 | Gauntlet | Found a transporter.
  5268 | Gauntlet | Noticed a salamander
  5540 | Gauntlet | Noticed a manticore
  5601 | Gauntlet | Found a transporter.
  5648 | Gauntlet | Killed a hell hog
  5737 | Gauntlet | Got a slimy hat
  5743 | Gauntlet | Identified the cursed +0 hat of Charity {rElec rN++ MR+
                  | Dex-2} (You found it in a Gauntlet)
  5746 | Gauntlet | Identified the cursed +1 arbalest of the Thing {elec,
                  | Int+4}
  5746 | Gauntlet | Noticed a minotaur
  5878 | Gauntlet | Killed a minotaur
  5878 | Gauntlet | Reached skill level 10 in Unarmed Combat
  6223 | Gauntlet | Identified the Handbook of Bewitchment
  6279 | D:13     | Noticed a vault guard
  6279 | D:13     | Noticed a vault guard
  6289 | D:13     | Killed a vault guard
  6289 | D:13     | Reached XP level 12. HP: 72/77 MP: 8/19
  6338 | D:13     | Killed a vault guard
  6338 | D:13     | Reached skill level 10 in Evocations
  6642 | D:13     | Slain by a phantasmal warrior

Levels and vault maps discovered:
D:1:      onia_arrival_zoo_common, layout_rooms, nemelex_diamond_rough_becter
D:2:      layout_basic, kennysheep_slug_shrine, first_ration,
          nemelex_dance_club_becter, uniq_sigmund, uniq_jessica
D:3:      layout_basic
D:4:      layout_cave_pools, nicolae_ossuary_entry_giza, grunt_qazlal_sundering
D:5:      layout_rooms, lemuel_doored_altar, uniq_blork_the_orc, uniq_duvessa,
          uniq_crazy_yiuf_cottage
D:6:      lemuel_ice_spiral_2, layout_basic, kennysheep_mini_moat, minivault_19,
          nicolae_lava_and_water
D:7:      layout_loops_cross, minmay_temple_entry_junction,
          nicolae_ru_great_annihilating_truth
D:8:      layout_gridville, grunt_temple_overflow_open,
          erik_lair_orcish_takeover
D:9:      layout_small_grid, old_standard_altar, serial_shops,
          nicolae_shop_overgrown_old_shop
D:10:     layout_layer_cave, orc_0_dummy, minmay_guarded_unrand_staff_of_olgreb
D:11:     layout_basic, the_bakery, minmay_ruined_shrine
D:12:     layout_cave_pods, serial_shops, nicolae_shop_trees,
          minmay_three_doors, uniq_nergalle, uniq_nessos
D:13:     layout_loops_ring, ximxim_vaults_locker_room, gauntlet_entry_generic,
          hangedman_decor_points, kennysheep_diamond, evilmike_minifort

Skill      XL: |  1  2  3  4  5  6  7  8  9 10 11 12 |
---------------+-------------------------------------+-----
Stealth        | 2 3 4 5 6 7 8 9 10 | 10.0
Evocations     | 4 5 6 7 9 10 | 10.5
Unarmed Combat | 1 3 4 5 6 7 8 10 | 10.8
Shields        | 2 3 4 6 |  6.6
Fighting       | 2 3 4 5 |  5.0
Dodging        | 3 4 5 6 |  6.9
Invocations    | 4 6 7 |  7.0
Short Blades   | |  1.0

Action                   |  1- 3 |  4- 6 |  7- 9 | 10-12 || total
-------------------------+-------+-------+-------+-------++-------
Melee: Short sword       |    49 |    66 |    92 |       ||   207
       Tentacles         |    11 |    14 |    74 |    93 ||   192
       Constrict         |    13 |    21 |    56 |    51 ||   141
       Dagger            |       |     5 |       |       ||     5
       Punch             |       |     3 |    17 |    29 ||    49
       Unarmed           |       |       |    87 |   125 ||   212
       Staff             |       |       |       |    91 ||    91
Throw: Boomerang         |       |       |    16 |     1 ||    17
Invok: Slouch            |       |       |       |     3 ||     3
Evoke: Wand              |     2 |     7 |    30 |    20 ||    59
       Staff of Olgreb   |       |       |       |    38 ||    38
       Box of beasts     |       |       |       |     1 ||     1
  Use: Potion            |     1 |       |       |    16 ||    17
       Scroll            |       |     8 |     4 |     2 ||    14
 Stab: Sleeping          |     5 |    11 |     8 |     8 ||    32
  Eat: Chunk             |       |     1 |     5 |     4 ||    10
       Ration            |       |       |       |     1 ||     1
Armor: Skin              |     1 |     2 |     3 |    14 ||    20
Dodge: Dodged            |    30 |    39 |    83 |    89 ||   241
Block: Kite shield       |       |       |    47 |   124 ||   171

Table legend:
 A = Non-vault XP
 B = Vault XP
 C = Vault XP percentage of total XP
 D = Non-vault monster count
 E = Vault monster count
 F = Vault count percentage of total count
                 A         B        C        D         E       F
            +---------+---------+-------+---------+---------+-------
      Total |   12434 |   12115 |  49.4 |     205 |      83 |  28.8
            +---------+---------+-------+---------+---------+-------
        D:1 |      28 |       0 |   0.0 |       9 |       0 |   0.0
        D:2 |      41 |       4 |   8.9 |      13 |       1 |   7.1
        D:3 |     183 |       0 |   0.0 |      22 |       0 |   0.0
        D:4 |     310 |      19 |   5.8 |      14 |       2 |  12.5
        D:5 |     185 |     130 |  41.3 |       6 |       2 |  25.0
        D:6 |     157 |       0 |   0.0 |       3 |       0 |   0.0
        D:7 |     850 |      48 |   5.3 |      18 |       4 |  18.2
        D:8 |     355 |      41 |  10.4 |       9 |       1 |  10.0
        D:9 |    1988 |       0 |   0.0 |      33 |       0 |   0.0
       D:10 |    2056 |    1490 |  42.0 |      20 |      21 |  51.2
       D:11 |    3548 |     877 |  19.8 |      36 |       6 |  14.3
       D:12 |     510 |     796 |  60.9 |       7 |       1 |  12.5
       D:13 |    2223 |    4723 |  68.0 |      15 |      15 |  50.0
    Ossuary |       0 |     295 | 100.0 |       0 |      16 | 100.0
   Gauntlet |       0 |    3692 | 100.0 |       0 |      14 | 100.0
            +---------+---------+-------+---------+---------+-------
